Map: Acid Plant LE

Players

Lambo - Winner!

  • Race: Zerg Zerg
  • Spawn Location: 11:00

StevenBonnel (PtitDrogo)

  • Race: Protoss Protoss
  • League: Master
  • Spawn Location: 5:00

Event: WCS Austin 2018

VOD

Have the link to the VOD?

Description

Time

  • Played on: June 1, 2018, 10:44 p.m.
  • Length: 10:10

All games in this series

Show
View Real Time Build Order
Export as new Build Order

Lambo Zerg - Winner!

Build Orders: Hatch First, Lurkers 

Get SALT Encoding   

  12  0:00  Drone  
  13  0:12  Overlord  
  13  0:17  Drone  
  14  0:30  Drone x2  
  16  0:48  Hatchery  
  15  0:51  Drone  
  15  0:55  Drone  
  17  0:59  Drone  
  18  1:10  Extractor  
  17  1:14  Spawning Pool  
  17  1:17  Drone  
  17  1:20  Drone  
  19  1:32  Drone  
  19  1:38  Drone  
  20  1:50  Overlord  
  20  2:05  Queen x2  
  20  2:06  Zergling x4  
  26  2:11  Drone  
  26  2:12  Drone  
  26  2:14  Metabolic Boost  
  28  2:21  Drone x2  
  30  2:40  Drone  
  30  2:41  Drone  
  32  2:45  Hatchery  
  32  2:48  Overlord  
  31  2:51  Drone  
  31  2:56  Queen  
  34  2:59  Drone  
  35  3:06  Drone  
  36  3:16  Zergling x4  
  36  3:18  Drone x4  
  42  3:20  Overlord  
  42  3:21  Drone  
  42  3:22  Drone  
  44  3:28  Overlord  
  44  3:37  Lair  
  44  3:38  Queen  
  46  3:46  Spore Crawler  
  46  3:47  Drone x4  
  49  3:51  Drone  
  49  3:52  Drone  
  49  3:54  Drone  
  52  3:56  Overlord  
  52  4:00  Spore Crawler  
  52  4:02  Drone  
  52  4:03  Extractor  
  52  4:04  Extractor  
  52  4:07  Drone x2  
  52  4:09  Drone  
  53  4:12  Drone  
  53  4:13  Drone  
  55  4:19  Drone x2  
  55  4:20  Drone  
  55  4:21  Spore Crawler  
  55  4:22  Spore Crawler  
  55  4:23  Drone  
  57  4:25  Spore Crawler  
  57  4:26  Drone  
  57  4:28  Spore Crawler  
  57  4:29  Drone  
  60  4:32  Overlord  
  60  4:33  Drone x2  
  62  4:39  Overlord  
  62  4:43  Hydralisk Den  
  62  4:46  Overlord  
  62  4:47  Drone x3  
  62  4:50  Drone x2  
  67  4:55  Overlord  
  67  4:57  Drone  
  67  4:58  Drone  
  69  5:04  Evolution Chamber  
  69  5:05  Overlord  
  67  5:10  Extractor  
  67  5:13  Drone, Hydralisk x4, Extractor  
  66  5:20  Hydralisk x3  
  80  5:25  Drone  
  80  5:26  Drone x2  
  83  5:28  Hydralisk x2  
  83  5:30  Drone  
  88  5:36  Hydralisk  
  88  5:40  Overlord  
  90  5:43  Drone x3  
  90  5:49  Muscular Augments  
  93  5:50  Hydralisk  
  93  5:51  Extractor  
  93  5:54  Drone  
  93  5:55  Drone x2  
  96  6:00  Drone x4  
  99  6:06  Overlord x2  
  99  6:07  Overlord  
  99  6:16  Overlord  
  99  6:19  Hatchery, Overlord, Zerg Missile Weapons Level 1  
  99  6:23  Overlord  
  97  6:32  Overlord, Drone  
  98  6:33  Extractor  
  98  6:34  Hydralisk x5  
  98  6:38  Drone x3  
  98  6:39  Zergling x2  
  112  6:40  Zergling x2  
  112  6:42  Hydralisk  
  114  6:48  Hydralisk x3  
  114  6:51  Overseer  
  120  6:58  Hydralisk  
  120  6:59  Zergling x8  
  120  7:00  Grooved Spines  
  126  7:03  Overlord  
  126  7:05  Hydralisk  
  128  7:11  Hydralisk x3  
  134  7:18  Overlord  
  134  7:22  Hydralisk, Zergling x2  
  137  7:23  Zergling x6  
  137  7:26  Drone  
  137  7:27  Lurker Den  
  137  7:29  Hydralisk x3  
  140  7:35  Zergling x4  
  140  7:36  Zergling x8  
  152  7:39  Hydralisk x2  
  155  7:44  Hydralisk x2  
  155  7:54  Hydralisk x2, Zergling x2  
  155  7:55  Zergling x6  
  162  8:04  Zergling x18  
  170  8:09  Hydralisk x2  
  170  8:10  Zergling x2  
  175  8:13  Overlord  
  175  8:14  Overlord x2  
  170  8:23  Hydralisk  
  170  8:24  Hydralisk x2  
  172  8:29  Zergling x8  
  172  8:43  Zergling x28  
  182  8:57  Lurker x10  
  182  8:59  Lurker x2  
  182  9:00  Zergling x10  
  195  9:30  Hydralisk x4  
  200  9:37  Hydralisk, Zergling x4  
  200  9:38  Zergling x12  
  198  9:39  Hydralisk x2  
  198  9:44  Hydralisk x2  
  195  9:53  Zergling x4  
Show
View Real Time Build Order
Export as new Build Order

StevenBonnel Protoss 

Build Orders: 1 Gate Expand, Oracle Opening, Phoenix Opening, Archon Immortal, Zealot Archon, Archon Drop 

Get SALT Encoding   

  12  0:00  Probe  
  13  0:13  Probe  
  14  0:20  Pylon  
  14  0:25  Probe  
  15  0:34  Probe  
  16  0:42  Probe  
  16  0:45  Gateway  
  16  0:48  Assimilator  
  17  0:52  Probe  
  18  1:04  Probe  
  19  1:16  Probe  
  20  1:24  Nexus  
  20  1:34  Cybernetics Core  
  20  1:37  Probe  
  21  1:44  Assimilator  
  21  1:50  Probe  
  21  1:53  Pylon  
  22  2:02  Adept, Probe  
  23  2:14  Probe  
  26  2:18  Stargate  
  26  2:26  Probe, Warp Gate  
  27  2:31  Adept  
  27  2:35  Pylon  
  27  2:36  Probe  
  29  2:39  Probe  
  31  2:44  Probe  
  31  2:47  Probe  
  33  2:53  Probe  
  33  2:55  Phoenix  
  33  2:56  Probe  
  34  3:04  Probe  
  38  3:08  Probe  
  39  3:16  Probe  
  39  3:19  Oracle  
  40  3:20  Probe  
  40  3:24  Pylon  
  44  3:28  Probe  
  44  3:32  Probe  
  44  3:33  Assimilator  
  46  3:35  Assimilator  
  46  3:39  Robotics Facility  
  46  3:42  Probe  
  46  3:44  Probe  
  48  3:49  Gateway  
  48  3:54  Probe  
  49  3:56  Probe  
  49  4:02  Twilight Council  
  50  4:06  Probe  
  50  4:08  Pylon, Probe  
  52  4:16  Gateway x2  
  52  4:20  Probe  
  52  4:23  Warp Prism  
  53  4:31  Charge  
  53  4:33  Zealot  
  53  4:35  Probe x2  
  59  4:43  Templar Archives  
  59  4:47  Zealot  
  59  4:49  Pylon  
  61  5:04  Nexus  
  61  5:05  Pylon  
  61  5:08  Probe  
  63  5:16  Pylon  
  63  5:20  High Templar  
  63  5:21  High Templar x3  
  66  5:24  Pylon  
  66  5:25  Archon x2  
  66  5:27  Gateway  
  71  5:28  Probe  
  71  5:29  Gateway, Probe  
  72  5:35  Forge  
  72  5:40  Probe  
  73  5:43  Probe  
  74  5:52  Protoss Ground Weapons Level 1, Probe  
  75  6:06  Probe  
  75  6:07  Probe  
  75  6:10  Pylon  
  77  6:15  Zealot x4  
  77  6:17  Observer, Probe  
  77  6:18  Probe  
  87  6:19  Assimilator, Probe  
  87  6:24  Assimilator  
  89  6:29  Psionic Storm, Probe  
  89  6:30  Probe  
  89  6:31  Probe  
  92  6:36  High Templar x2, Pylon  
  92  6:38  Zealot, High Templar  
  100  6:41  Probe  
  100  6:42  Probe  
  100  6:43  Probe  
  103  6:53  Probe  
  104  6:54  Probe  
  104  6:55  Immortal, Probe  
  104  6:58  Gateway  
  104  6:59  Gateway  
  106  7:02  Gateway  
  106  7:05  Probe  
  106  7:06  Probe, Photon Cannon  
  112  7:08  Pylon  
  112  7:22  High Templar x2  
  116  7:34  Immortal  
  120  7:46  Zealot x3, Nexus  
  120  7:47  Pylon  
  120  7:50  Pylon  
  126  7:58  Pylon  
  125  8:00  Pylon  
  125  8:03  Immortal  
  115  8:07  High Templar  
  115  8:08  Zealot x2, High Templar x3  
  115  8:09  Zealot x2  
  131  8:13  Archon x2  
  131  8:15  Nexus  
  131  8:16  Pylon  
  131  8:18  Pylon  
  125  8:32  Pylon  
  124  8:35  Zealot x5  
  124  8:39  Observer  
  124  8:41  Probe, Pylon  
  135  8:45  Probe  
  135  8:46  Zealot x3  
  135  8:51  Probe  
  135  8:53  Gateway  
  135  8:54  Photon Cannon  
  136  8:56  Photon Cannon  
  136  8:57  Pylon  
  136  8:58  Probe  
  136  8:59  High Templar x2  
  141  9:03  Shield Battery  
  141  9:09  Immortal  
  145  9:20  High Templar x3  
  145  9:21  Zealot x2, High Templar  
  157  9:25  Archon x2  
  147  9:35  Observer  
  145  9:42  Zealot x3  
  137  9:59  Zealot x3  
  108  10:07  Zealot x3  
Tags
 
Add a new tag
Caveats
  • Supply blocks, unpowered buildings, or Contaminate may cause inaccurate times.
  • Supply counts are checked every 10 seconds.